 Dungeon Crawl Stone Soup version 0.22-a0-162-g33bf1272b0 (webtiles) character file.

151 MrRokkomies the Poker (level 5, 0/40 HPs)
             Began as a Barachi Gladiator on Feb 12, 2018.
             Slain by motoroller71's ghost (4 damage)
             ... on level 3 of the Dungeon.
             The game lasted 00:07:48 (2651 turns).

MrRokkomies the Poker (Barachi Gladiator)           Turns: 2651, Time: 00:07:49

Health: 0/40       AC: 10    Str: 15    XL:     5   Next: 33%
Magic:  5/5        EV:  5    Int: 10    God:
Gold:   143        SH:  8    Dex: 13    Spells: 4/4 levels left

rFire    . . .     SeeInvis .   a - +0 trident
rCold    . . .     Gourm    .   h - +0 shield
rNeg     . . .     Faith    .   m - +0 chain mail (curse)
rPois    .         Spirit   .   c - +1 helmet
rElec    .         Reflect  .   (no cloak)
rCorr    .         Harm     .   (no gloves)
MR       .....                  (no boots)
Stlth    ..........             k - amulet of the acrobat
HPRegen  0.13/turn              (no ring)
MPRegen  0.09/turn              (no ring)

@: slow
A: +LOS, swims, slowness 1, strong legs 1
a: Hop


You were on level 3 of the Dungeon.
You were hungry.

You visited 1 branch of the dungeon, and saw 3 of its levels.

You collected 143 gold pieces.

Inventory:

Hand Weapons
 a - a +0 trident (weapon)
 b - a +1 dagger of venom
Missiles
 d - 3 throwing nets (quivered)
Armour
 c - a +1 helmet (worn)
 h - a +0 shield (worn)
 m - a cursed +0 chain mail (worn)
Jewellery
 k - an amulet of the acrobat (around neck)
Scrolls
 l - a scroll of amnesia
Potions
 e - 2 potions of flight
Comestibles
 f - 6 rations


   Skills:
 - Level 2.8 Fighting
 * Level 4.3 Polearms
 - Level 2.0 Throwing
 * Level 2.2 Armour
 - Level 3.2 Dodging
 * Level 3.0 Shields


You had 4 spell levels left.
You didn't know any spells.

Dungeon Overview and Level Annotations

Branches:
Dungeon (3/15)

Altars:
Wu Jian
Xom

Annotations:
D:3 motoroller71's ghost, amateur DsGl


Innate Abilities, Weirdness & Mutations

Shadows flee at your approach. (+LOS)
You can swim through water.
You cover ground slowly.
You can hop short distances.


Message History

Motoroller71's ghost is severely damaged.
You block motoroller71's ghost's attack.
You hit motoroller71's ghost but do no damage.
Motoroller71's ghost is severely damaged.
Motoroller71's ghost hits you but does no damage.
You barely miss motoroller71's ghost.
Motoroller71's ghost is severely damaged.
Motoroller71's ghost hits you but does no damage.
You hit motoroller71's ghost.
Motoroller71's ghost is severely damaged.
You feel less wooden.
Your +1 helmet unmelds from your body.
Your cursed +0 chain mail unmelds from your body.
You block motoroller71's ghost's attack.
You hit motoroller71's ghost but do no damage.
Motoroller71's ghost is severely damaged.
Motoroller71's ghost hits you.
* * * LOW HITPOINT WARNING * * *
Motoroller71's ghost hits you.
You die...

###..........#####
..............#..
#...............
#...............
###........$......
..................
#.........(.....
##..###########..."......
........@Who..........<..
################.........
##.....#.. #########


You could see motoroller71's ghost, an orc and a jackal.

Vanquished Creatures
  Ijyb (D:3)
  A worker ant (D:2)
  2 adders (D:2)
  An ooze (D:1)
  A worm (D:2)
  A dart slug (D:1)
  2 leopard geckos (D:1)
  3 orcs (D:3)
  9 bats
  2 giant cockroaches
  6 goblins
  10 hobgoblins
  4 jackals (D:2)
  4 kobolds
  A quokka (D:2)
  4 ball pythons
  5 frilled lizards
  12 rats
69 creatures vanquished.

Notes
Turn   | Place    | Note
-------+----------+-------------------------------------------
     0 | D:1      | MrRokkomies the Barachi Gladiator began the quest for the Orb.
     0 | D:1      | Reached XP level 1. HP: 17/17 MP: 1/1
   143 | D:1      | Reached XP level 2. HP: 23/23 MP: 2/2
   227 | D:1      | Reached skill level 1 in Shields
   253 | D:1      | Reached XP level 3. HP: 3/28 MP: 3/3
  1238 | D:2      | Reached skill level 4 in Polearms
  1238 | D:2      | Reached skill level 1 in Armour
  1238 | D:2      | Reached XP level 4. HP: 15/34 MP: 4/4
  1555 | D:2      | Found a faded altar of an unknown god.
  2336 | D:2      | Found an ornate altar of the Wu Jian Council.
  2336 | D:2      | Found a shimmering altar of Xom.
  2428 | D:2      | Reached XP level 5. HP: 37/40 MP: 5/5
  2535 | D:3      | Noticed motoroller71's ghost (amateur DsGl)
  2548 | D:3      | Noticed Ijyb
  2603 | D:3      | Killed Ijyb
  2651 | D:3      | Slain by motoroller71's ghost

Vault maps used:
D:1:      onia_arrival_handbag
D:2:      gammafunk_temple_overflow_statue, chequers_ecumenical_altar_island
D:3:      overflow_temple_1_default, first_ration, trog_wizard, uniq_robin,
          uniq_ijyb

Skill      XL: |  1  2  3  4  5 |
---------------+----------------+-----
Shields        | 1 2 3 |  3.0
Polearms       | 4 |  4.3
Armour         | 1 2 |  2.2
Fighting       | |  2.8
Throwing       | |  2.0
Dodging        | |  3.2

Action                   |  1- 3 |  4- 6 || total
-------------------------+-------+-------++-------
Melee: Trident           |   116 |   171 ||   287
 Abil: Hop               |       |     1 ||     1
  Use: Scroll            |     3 |     1 ||     4
       Potion            |       |     4 ||     4
 Stab: Sleeping          |     2 |       ||     2
  Eat: Chunk             |     1 |     5 ||     6
Armor: Leather armour    |    21 |       ||    21
       Chain mail        |    37 |    76 ||   113
       Skin              |       |    15 ||    15
Dodge: Dodged            |    40 |    53 ||    93
Block: Shield            |    35 |    70 ||   105

Table legend:
 A = Spawn XP
 B = Non-spawn XP
 C = Spawn XP percentage of total XP
 D = Spawn monster count
 E = Non-spawn monster count
 F = Spawn count percentage of total count
 G = Total turns spent on level
                    A         B        C        D         E        F      G
               +---------+---------+-------+---------+---------+-------+---------
         Total |       0 |     216 |   0.0 |       0 |      69 |   0.0 |  2651
               +---------+---------+-------+---------+---------+-------+---------
           D:1 |       0 |      60 |   0.0 |       0 |      30 |   0.0 |  1017
           D:2 |       0 |     107 |   0.0 |       0 |      33 |   0.0 |  1528
           D:3 |       0 |      49 |   0.0 |       0 |       6 |   0.0 |   106
               +---------+---------+-------+---------+---------+-------+---------
